ESL (28 & UNDER)
RIO GRANDE RATTLESNAKE @ NEWARK BULLDOGS
09/16/2026
 
TOP OF THE 1ST
Rio Grande Rattlesnake batting - Pitching for Newark Bulldogs : RHP Jesús Martínez
Pitching: RHP Jesús Martínez
Batting: SHB William Daly 0-0: Ball
1-0: Swinging Strike
1-1: Ball
2-1: Swinging Strike
2-2: Ball
3-2: Strikes out swinging
Batting: RHB Billy Mullins 0-0: Called Strike
0-1: Ball
1-1: Called Strike
1-2: Ball
2-2: Foul Ball, location: 2F
2-2: Ball
3-2: Strikes out swinging
Batting: SHB Douglas Taylor 0-0: Ball
1-0: Called Strike
1-1: Called Strike
1-2: Foul Ball, location: 2F
1-2: Ball
2-2: Strikes out swinging
Top of the 1st over - 0 run(s), 0 hit(s), 0 error(s), 0 left on base; Rio Grande 0 - Newark 0
BOTTOM OF THE 1ST
Newark Bulldogs batting - Pitching for Rio Grande Rattlesnake : RHP Alfonso Luna
Pitching: RHP Alfonso Luna
Batting: RHB Larry Booth 0-0: Foul Ball, location: 2F
0-1: Swinging Strike
0-2: Ball
1-2: SINGLE (Flyball, 8LS)
Batting: LHB Rocky Whitcomb 0-0: Ground out 4-3 (Groundball, 4MD)
Larry Booth to second
Batting: RHB Emílio Salas 0-0: Ball
1-0: Called Strike
1-1: Foul Ball, location: 2F
1-2: Ball
2-2: Ball
3-2: Foul Ball, location: 2F
3-2: Foul Ball, location: 2F
3-2: Foul Ball, location: 2F
3-2: Strikes out looking
Batting: RHB Randy Simons 0-0: Foul Ball, location: 2F
0-1: Foul Ball, location: 2F
0-2: Strikes out looking
Bottom of the 1st over - 0 run(s), 1 hit(s), 0 error(s), 1 left on base; Rio Grande 0 - Newark 0
TOP OF THE 2ND
Rio Grande Rattlesnake batting - Pitching for Newark Bulldogs : RHP Jesús Martínez
Batting: RHB Max Jones 0-0: Foul Ball, location: 2F
0-1: Ball
1-1: Called Strike
1-2: Foul Ball, location: 2F
1-2: Foul Ball, location: 2F
1-2: Ball
2-2: Ball
3-2: Foul Ball, location: 2F
3-2: Foul Ball, location: 2F
3-2: Ground out 4-3 (Groundball, 4)
Batting: RHB Hollis Wood 0-0: Called Strike
0-1: Swinging Strike
0-2: Ball
1-2: SINGLE (Groundball, 3L)
Batting: RHB Doug Delaney 0-0: Ball
1-0: Ball
2-0: Foul Ball, location: 2F
2-1: Foul Ball, location: 2F
2-2: Ball
3-2: Foul Ball, location: 2F
3-2: Foul Ball, location: 2F
3-2: Foul Ball, location: 2F
3-2: SINGLE (Groundball, 3S)
Hollis Wood to second
Runner from 2nd tries for 3rd, SAFE, throw made to third
Batting: SHB Brian Moyer 0-0: Ball
1-0: Ground out 4-3 (Groundball, 4S)
Hollis Wood scores
Doug Delaney to second
Batting: RHB Maresuke Yoshida 0-0: Called Strike
0-1: Foul Ball, location: 2F
0-2: Ball
1-2: Ball
2-2: Ball
3-2: Ground out 6-3 (Groundball, 6)
Top of the 2nd over - 1 run(s), 2 hit(s), 0 error(s), 1 left on base; Rio Grande 1 - Newark 0
BOTTOM OF THE 2ND
Newark Bulldogs batting - Pitching for Rio Grande Rattlesnake : RHP Alfonso Luna
Batting: LHB Marvin Morris 0-0: Ball
1-0: Foul Ball, location: 2F
1-1: Foul Ball, location: 2F
1-2: Ball
2-2: Hit by Pitch
Batting: LHB Owen Moreno 0-0: Called Strike
0-1: Ball
1-1: Foul Ball, location: 2F
1-2: Ball
2-2: Strikes out swinging
Batting: LHB Wes Stone 0-0: Called Strike
0-1: Foul Ball, location: 2F
0-2: Foul Ball, location: 2F
0-2: Strikes out looking
Batting: RHB Carl Byrd 0-0: Ball
1-0: Called Strike
1-1: Foul Ball, location: 2F
1-2: Ball
2-2: Ball
3-2: Foul Ball, location: 2F
3-2: SINGLE (Line Drive, 6M)
Marvin Morris to second
Marvin Morris to third
Batting: SHB Larry Peterson 0-0: Ball
1-0: SINGLE (Groundball, 13) (infield hit)
Marvin Morris scores
Carl Byrd to second
Batting: RHB Larry Booth 0-0: Ball
1-0: Ball
2-0: Called Strike
2-1: Ball
3-1: Called Strike
3-2: Fly out, F6 (Popup, 4M)
Bottom of the 2nd over - 1 run(s), 2 hit(s), 0 error(s), 2 left on base; Rio Grande 1 - Newark 1
TOP OF THE 3RD
Rio Grande Rattlesnake batting - Pitching for Newark Bulldogs : RHP Jesús Martínez
Batting: SHB Jeremy Holmes 0-0: Ball
1-0: Called Strike
1-1: Ball
2-1: Ball
3-1: Foul Ball, location: 2F
3-2: SINGLE (Line Drive, 34D)
Batting: SHB William Daly 0-0: Ball
1-0: Ball
2-0: Ball
3-0: Called Strike
3-1: Foul Ball, location: 2F
3-2: Base on Balls
Jeremy Holmes to second
Batting: RHB Billy Mullins 0-0: Called Strike
0-1: Ball
1-1: Called Strike
1-2: Fly out, F4 (Line Drive, 4)
1-2: Fly out, F4 (Line Drive, 4)
Batting: SHB Douglas Taylor 0-0: Swinging Strike
0-1: Foul Ball, location: 2F
0-2: Ball
1-2: Strikes out swinging
Batting: RHB Max Jones 0-0: Called Strike
0-1: Swinging Strike
0-2: Foul Ball, location: 2F
0-2: Ball
1-2: Strikes out looking
Top of the 3rd over - 0 run(s), 1 hit(s), 0 error(s), 2 left on base; Rio Grande 1 - Newark 1
BOTTOM OF THE 3RD
Newark Bulldogs batting - Pitching for Rio Grande Rattlesnake : RHP Alfonso Luna
Batting: LHB Rocky Whitcomb 0-0: Ball
1-0: Swinging Strike
1-1: Swinging Strike
1-2: Strikes out looking
Batting: RHB Emílio Salas 0-0: Ball
1-0: Ball
2-0: Called Strike
2-1: Foul Ball, location: 2F
2-2: Foul Ball, location: 2F
2-2: Fly out, F7 (Flyball, 7D)
Batting: RHB Randy Simons 0-0: Ground out 5-3 (Groundball, 56)
Bottom of the 3rd over - 0 run(s), 0 hit(s), 0 error(s), 0 left on base; Rio Grande 1 - Newark 1
TOP OF THE 4TH
Rio Grande Rattlesnake batting - Pitching for Newark Bulldogs : RHP Jesús Martínez
Batting: RHB Hollis Wood 0-0: Ball
1-0: Ball
2-0: Fly out, F8 (Flyball, 8LD)
Batting: RHB Doug Delaney 0-0: Ball
1-0: Foul Ball, location: 2F
1-1: Ball
2-1: Ball
3-1: Base on Balls
Batting: SHB Brian Moyer 0-0: Ball
1-0: Fly out, F6 (Popup, 56D)
Batting: RHB Maresuke Yoshida 0-0: Ball
1-0: Foul Ball, location: 2F
1-1: Called Strike
1-2: Strikes out swinging
Top of the 4th over - 0 run(s), 0 hit(s), 0 error(s), 1 left on base; Rio Grande 1 - Newark 1
BOTTOM OF THE 4TH
Newark Bulldogs batting - Pitching for Rio Grande Rattlesnake : RHP Alfonso Luna
Batting: LHB Marvin Morris 0-0: Foul Ball, location: 2F
0-1: Swinging Strike
0-2: Ball
1-2: Ball
2-2: Ball
3-2: Foul Ball, location: 2F
3-2: Fly out, F9 (Line Drive, 9M)
Batting: LHB Owen Moreno 0-0: Called Strike
0-1: Ball
1-1: Foul Ball, location: 2F
1-2: Strikes out looking
Batting: LHB Wes Stone 0-0: Called Strike
0-1: Called Strike
0-2: Strikes out swinging
Bottom of the 4th over - 0 run(s), 0 hit(s), 0 error(s), 0 left on base; Rio Grande 1 - Newark 1
TOP OF THE 5TH
Rio Grande Rattlesnake batting - Pitching for Newark Bulldogs : RHP Jesús Martínez
Batting: SHB Jeremy Holmes 0-0: Called Strike
0-1: Foul Ball, location: 2F
0-2: Ball
1-2: Strikes out swinging
Batting: SHB William Daly 0-0: Ball
1-0: Ball
2-0: Ball
3-0: Called Strike
3-1: Ground out 6-3 (Groundball, 6)
Batting: RHB Billy Mullins 0-0: Ball
1-0: Ball
2-0: Ball
3-0: Called Strike
3-1: Base on Balls
Pitching: RHP Jim Cook
Batting: SHB Douglas Taylor 0-0: Ball
1-0: Foul Ball, location: 2F
1-1: Foul Ball, location: 2F
1-2: Ball
2-2: Foul Ball, location: 2F
2-2: Ball
3-2: Strikes out swinging
Top of the 5th over - 0 run(s), 0 hit(s), 0 error(s), 1 left on base; Rio Grande 1 - Newark 1
BOTTOM OF THE 5TH
Newark Bulldogs batting - Pitching for Rio Grande Rattlesnake : RHP Alfonso Luna
Batting: RHB Carl Byrd 0-0: Foul Ball, location: 2F
0-1: Foul Ball, location: 2F
0-2: Ball
1-2: Ball
2-2: Ball
3-2: Foul Ball, location: 2F
3-2: SINGLE (Line Drive, 4MD)
Batting: SHB Larry Peterson 0-0: Foul Ball, location: 2F
0-1: Swinging Strike
0-2: Ball
1-2: Fly out, F8 (Flyball, 8RM)
Batting: RHB Larry Booth 0-0: Called Strike
Carl Byrd steals 2nd base
0-1: SINGLE (Groundball, 4MD)
Carl Byrd to third
Runner from 3rd tries for Home, SAFE, no throw or cutoff
Batting: LHB Rocky Whitcomb 0-0: DOUBLE (Groundball, 5L)
Larry Booth to third
Batting: RHB Emílio Salas 0-0: Called Strike
0-1: Fly out, F2 (Popup, 2R)
Batting: RHB Randy Simons 0-0: Ball
1-0: Ball
2-0: Foul Ball, location: 2F
2-1: Ground out 6-3 (Groundball, 6)
Bottom of the 5th over - 1 run(s), 3 hit(s), 0 error(s), 2 left on base; Rio Grande 1 - Newark 2
TOP OF THE 6TH
Rio Grande Rattlesnake batting - Pitching for Newark Bulldogs : RHP Jim Cook
Batting: RHB Max Jones 0-0: Ball
1-0: Called Strike
1-1: Ball
2-1: Ball
3-1: Swinging Strike
3-2: Foul Ball, location: 2F
3-2: SOLO HOME RUN (Flyball, 7D), Distance : 372 ft
Batting: RHB Hollis Wood 0-0: Ball
1-0: Foul Ball, location: 2F
1-1: Foul Ball, location: 2F
1-2: Ball
2-2: Fly out, F9 (Flyball, 89D)
Batting: RHB Doug Delaney 0-0: Ball
1-0: Called Strike
1-1: Swinging Strike
1-2: Foul Ball, location: 2F
1-2: Foul Ball, location: 2F
1-2: Ball
2-2: Ball
3-2: Fly out, F8 (Flyball, 8LM)
Batting: SHB Brian Moyer 0-0: Ball
1-0: Called Strike
1-1: Ball
2-1: Swinging Strike
2-2: Fly out, F3 (Popup, 3DF)
Top of the 6th over - 1 run(s), 1 hit(s), 0 error(s), 0 left on base; Rio Grande 2 - Newark 2
BOTTOM OF THE 6TH
Newark Bulldogs batting - Pitching for Rio Grande Rattlesnake : RHP Alfonso Luna
Batting: LHB Marvin Morris 0-0: Ball
1-0: SINGLE (Groundball, 3D)
Batting: LHB Owen Moreno 0-0: Foul Ball, location: 2F
0-1: SINGLE (Groundball, 34) (infield hit)
Marvin Morris to second
Pitching: RHP Frank Martin
Batting: LHB Wes Stone 0-0: Foul Ball, location: 2F
0-1: Swinging Strike
0-2: Ball
1-2: Foul Ball, location: 2F
1-2: Strikes out swinging
Batting: RHB Carl Byrd 0-0: Ball
1-0: Called Strike
1-1: Ball
2-1: Called Strike
2-2: Ball
3-2: Base on Balls
Marvin Morris to third
Owen Moreno to second
Batting: SHB Larry Peterson 0-0: Called Strike
0-1: Fly out, F8 (Flyball, 8LD)
Runner from 3rd tags up, SCORES, no throw
Batting: RHB Larry Booth 0-0: Ball
Owen Moreno steals 3rd base
Carl Byrd to second
1-0: Called Strike
1-1: Ball
2-1: Ball
3-1: Base on Balls
Batting: LHB Rocky Whitcomb 0-0: Swinging Strike
0-1: Ball
1-1: Ball
2-1: Foul Ball, location: 2F
2-2: Strikes out looking
Bottom of the 6th over - 1 run(s), 2 hit(s), 0 error(s), 3 left on base; Rio Grande 2 - Newark 3
TOP OF THE 7TH
Rio Grande Rattlesnake batting - Pitching for Newark Bulldogs : RHP Jim Cook
Batting: RHB Maresuke Yoshida 0-0: Called Strike
0-1: Foul Ball, location: 2F
0-2: Strikes out looking
Pitching: LHP José Alaniz
Batting: SHB Jeremy Holmes 0-0: Ball
1-0: Called Strike
1-1: Ball
2-1: Ball
3-1: Called Strike
3-2: Reached on Error, E4 (Popup, 4D)
Pinch Hitting: RHB Joe Courtier 0-0: Ball
1-0: Swinging Strike
1-1: Ground out 5-3 (Groundball, 56S)
Jeremy Holmes to second
Batting: RHB Billy Mullins 0-0: Swinging Strike
0-1: Foul Ball, location: 2F
0-2: Ball
1-2: Strikes out looking
Top of the 7th over - 0 run(s), 0 hit(s), 1 error(s), 1 left on base; Rio Grande 2 - Newark 3
BOTTOM OF THE 7TH
Newark Bulldogs batting - Pitching for Rio Grande Rattlesnake : RHP Frank Martin
Now in RF: Joe Courtier
Batting: RHB Emílio Salas 0-0: Swinging Strike
0-1: Swinging Strike
0-2: Ground out 6-3 (Groundball, 6)
Batting: RHB Randy Simons 0-0: Ball
1-0: Called Strike
1-1: Foul Ball, location: 2F
1-2: Ball
2-2: Foul Ball, location: 2F
2-2: Foul Ball, location: 2F
2-2: Foul Ball, location: 2F
2-2: Foul Ball, location: 2F
2-2: Foul Ball, location: 2F
2-2: Foul Ball, location: 2F
2-2: Foul Ball, location: 2F
2-2: Ball
3-2: DOUBLE (Line Drive, 78XD)
Batting: LHB Marvin Morris 0-0: Intentional Walk
Pitching: RHP Adrián Mora
Batting: LHB Owen Moreno 0-0: Fly out, F6 (Line Drive, 6)
Batting: LHB Wes Stone 0-0: Called Strike
0-1: Ball
1-1: Ball
2-1: Ball
3-1: Foul Ball, location: 2F
3-2: Base on Balls
Randy Simons to third
Marvin Morris to second
Batting: RHB Carl Byrd 0-0: Ball
1-0: Called Strike
1-1: Ball
2-1: Ground out 5-3 (Groundball, 5L)
Bottom of the 7th over - 0 run(s), 1 hit(s), 0 error(s), 3 left on base; Rio Grande 2 - Newark 3
TOP OF THE 8TH
Rio Grande Rattlesnake batting - Pitching for Newark Bulldogs : LHP José Alaniz
Pitching: RHP José Gonzáles
Batting: SHB Douglas Taylor 0-0: Foul Ball, location: 2F
0-1: SINGLE (Flyball, 78S)
Batting: RHB Max Jones 0-0: Called Strike
0-1: Ball
1-1: Fly out, F9 (Flyball, 9LMF)
Batting: RHB Hollis Wood 0-0: Ball
1-0: Ball
2-0: Ball
3-0: Called Strike
3-1: DOUBLE (Line Drive, 7LS)
Douglas Taylor to third
Pinch Hitting: SHB Ralph Robison 0-0: Ball
1-0: Called Strike
1-1: Swinging Strike
1-2: Ball
2-2: Strikes out looking
Batting: SHB Brian Moyer 0-0: Fly out, F8 (Flyball, 8LM)
Top of the 8th over - 0 run(s), 2 hit(s), 0 error(s), 2 left on base; Rio Grande 2 - Newark 3
BOTTOM OF THE 8TH
Newark Bulldogs batting - Pitching for Rio Grande Rattlesnake : RHP Adrián Mora
Now in CF: Jeff Bane
Batting: SHB Larry Peterson 0-0: Ball
1-0: Ball
2-0: Ball
3-0: Called Strike
3-1: Base on Balls
Batting: RHB Larry Booth 0-0: Sac Bunt - play at second, runner OUT! 5-6
Batting: LHB Rocky Whitcomb 0-0: Called Strike
Larry Booth steals 2nd base
0-1: Ball
1-1: DOUBLE (Flyball, 9LD)
Larry Booth scores
Batting: RHB Emílio Salas 0-0: Ball
1-0: Fly out, F7 (Flyball, 7D)
Runner from 2nd tags up, SAFE at 3rd, no throw
Batting: RHB Randy Simons 0-0: Ground out 6-3 (Groundball, 6)
Bottom of the 8th over - 1 run(s), 1 hit(s), 0 error(s), 1 left on base; Rio Grande 2 - Newark 4
TOP OF THE 9TH
Rio Grande Rattlesnake batting - Pitching for Newark Bulldogs : RHP José Gonzáles
Pitching: RHP Chris Johns
Batting: RHB Maresuke Yoshida 0-0: Ball
1-0: Ball
2-0: Ball
3-0: Called Strike
3-1: Called Strike
3-2: Foul Ball, location: 2F
3-2: Foul Ball, location: 2F
3-2: Strikes out swinging
Batting: SHB Jeremy Holmes 0-0: Ball
1-0: Swinging Strike
1-1: Foul Ball, location: 2F
1-2: Foul Ball, location: 2F
1-2: Ball
2-2: Strikes out looking
Batting: RHB Joe Courtier 0-0: Ball
1-0: Foul Ball, location: 2F
1-1: Called Strike
1-2: Foul Ball, location: 2F
1-2: Ball
2-2: SINGLE (Groundball, 56D)
Batting: RHB Billy Mullins 0-0: Foul Ball, location: 2F
0-1: Swinging Strike
0-2: Foul Ball, location: 2F
0-2: Strikes out swinging
Top of the 9th over - 0 run(s), 1 hit(s), 0 error(s), 1 left on base; Rio Grande 2 - Newark 4
Monday, December 5th, 2016 - OOTP Baseball 17.12 Build 75